TOP OF THE 1ST |
Tulsa Drillers batting - Pitching for Reading Fightin Phils : RHP Joe Kimbrough
|
Pitching: RHP Joe Kimbrough
|
|
Batting: RHB Steve Haskins
|
0-0: Ball 1-0: Ball 2-0: Called Strike 2-1: Foul Ball, location: 2F 2-2: Ball 3-2: SINGLE (Groundball, 6D, EV 93.8 MPH)
|
Batting: RHB Jesse White
|
0-0: Called Strike Steve Haskins steals 2nd base 0-1: Called Strike 0-2: Foul Ball, location: 2F 0-2: Ball 1-2: Ball 2-2: Foul Ball, location: 2F 2-2: Ball 3-2: Fly out, F7 (Flyball, 78M, EV 91.9 MPH)
|
Batting: LHB Nick McGraw
|
0-0: Ball 1-0: Called Strike Steve Haskins steals 3rd base 1-1: Fly out, F4 (Flyball, 34D, EV 78.8 MPH)
|
Batting: RHB Blake Beale
|
0-0: Called Strike 0-1: Ball 1-1: Foul Ball, location: 2F 1-2: Fly out, F8 (Flyball, 8RXD, EV 95.6 MPH)
|
Top of the 1st over - 0 runs, 1 hit, 0 errors, 1 left on base; Tulsa 0 - Reading 0 |
BOTTOM OF THE 1ST |
Reading Fightin Phils batting - Pitching for Tulsa Drillers : RHP Michael Walsh
|
Pitching: RHP Michael Walsh
|
|
Batting: RHB Matt Strong
|
0-0: Called Strike 0-1: Swinging Strike 0-2: Strikes out swinging
|
Batting: LHB Danny Hill
|
0-0: Called Strike 0-1: Fly out, F7 (Flyball, 7, EV 84.4 MPH)
|
Batting: RHB Austin Wiebe
|
0-0: Called Strike 0-1: Called Strike 0-2: Ball 1-2: Fly out, F8 (Line Drive, 8LM, EV 91.3 MPH)
|
Bottom of the 1st over - 0 runs, 0 hits, 0 errors, 0 left on base; Tulsa 0 - Reading 0 |
TOP OF THE 2ND |
Tulsa Drillers batting - Pitching for Reading Fightin Phils : RHP Joe Kimbrough
|
Batting: RHB Dave Cordero
|
0-0: Ball 1-0: Called Strike 1-1: Swinging Strike 1-2: Strikes out swinging
|
Batting: SHB Xavier Alaniz
|
0-0: Ball 1-0: Swinging Strike 1-1: Ball 2-1: Ground out 2-3 (Groundball, 2L, EV 71.9 MPH)
|
Batting: LHB David McNair
|
0-0: Ball 1-0: Foul Ball, location: 2F 1-1: Swinging Strike 1-2: Ball 2-2: Ball 3-2: Strikes out swinging
|
Top of the 2nd over - 0 runs, 0 hits, 0 errors, 0 left on base; Tulsa 0 - Reading 0 |
BOTTOM OF THE 2ND |
Reading Fightin Phils batting - Pitching for Tulsa Drillers : RHP Michael Walsh
|
Batting: LHB Chris Fandino
|
0-0: Called Strike 0-1: Called Strike 0-2: Strikes out looking
|
Batting: RHB Mike Narciso
|
0-0: Ball 1-0: Ball 2-0: Ground out 6-3 (Groundball, 6, EV 78.8 MPH)
|
Batting: LHB Darrell Ortega
|
0-0: Swinging Strike 0-1: Fly out, F4 (Popup, 34S, EV 90.6 MPH)
|
Bottom of the 2nd over - 0 runs, 0 hits, 0 errors, 0 left on base; Tulsa 0 - Reading 0 |
TOP OF THE 3RD |
Tulsa Drillers batting - Pitching for Reading Fightin Phils : RHP Joe Kimbrough
|
Batting: LHB Miguel Medina
|
0-0: Called Strike 0-1: Called Strike 0-2: Foul Ball, location: 2F 0-2: Ball 1-2: Ball 2-2: Foul Ball, location: 2F 2-2: Foul Ball, location: 2F 2-2: Ball 3-2: Foul Ball, location: 2F 3-2: Strikes out swinging
|
Batting: RHB Koen van Oort
|
0-0: Foul Ball, location: 2F 0-1: Foul Ball, location: 2F 0-2: Foul Ball, location: 2F 0-2: Ball 1-2: Ball 2-2: Ball 3-2: Base on Balls
|
Batting: RHB Steve Haskins
|
0-0: Ball 1-0: Foul Ball, location: 2F 1-1: Swinging Strike 1-2: Strikes out looking
|
Batting: RHB Jesse White
|
0-0: Ball 1-0: Called Strike 1-1: Ball 2-1: Foul Ball, location: 2F 2-2: Foul Ball, location: 2F 2-2: Strikes out looking
|
Top of the 3rd over - 0 runs, 0 hits, 0 errors, 1 left on base; Tulsa 0 - Reading 0 |
BOTTOM OF THE 3RD |
Reading Fightin Phils batting - Pitching for Tulsa Drillers : RHP Michael Walsh
|
Batting: RHB Kory Sanchez
|
0-0: Ball 1-0: Foul Ball, location: 2F 1-1: Ball 2-1: Ball 3-1: SINGLE (Groundball, 6S, EV 68.8 MPH) (infield hit)
|
Pitching: RHP Jon Harris
|
|
Batting: RHB Fletcher Easter
|
0-0: Foul Ball, location: 2F 0-1: Ball 1-1: Called Strike 1-2: Ball 2-2: Ball 3-2: Fielders Choice at 2nd, 6-4 (Groundball, 6, EV 89.4 MPH)
|
Batting: LHB Jose Fierro
|
0-0: Swinging Strike 0-1: Foul Ball, location: 2F 0-2: Foul Ball, location: 2F 0-2: Foul Ball, location: 2F 0-2: Ball 1-2: Foul Ball, location: 2F 1-2: Strikes out swinging
|
Batting: RHB Matt Strong
|
0-0: Ball 1-0: Foul Ball, location: 2F 1-1: Ball 2-1: Ball 3-1: Ground out 5-3 (Groundball, 56S, EV 77.5 MPH)
|
Bottom of the 3rd over - 0 runs, 1 hit, 0 errors, 1 left on base; Tulsa 0 - Reading 0 |
TOP OF THE 4TH |
Tulsa Drillers batting - Pitching for Reading Fightin Phils : RHP Joe Kimbrough
|
Batting: LHB Nick McGraw
|
0-0: Ball 1-0: Hit by Pitch
|
Batting: RHB Blake Beale
|
0-0: Ball 1-0: Ball 2-0: Foul Ball, location: 2F 2-1: Ball 3-1: Called Strike 3-2: Fly out, F7 (Line Drive, 7, EV 98.8 MPH)
|
Batting: RHB Dave Cordero
|
0-0: Ball 1-0: Foul Ball, location: 2F 1-1: Ball 2-1: SINGLE (Groundball, 34D, EV 105.6 MPH) Nick McGraw to second Runner from 2nd tries for 3rd, SAFE, throw by RF made to third Dave Cordero to second
|
Batting: SHB Xavier Alaniz
|
0-0: 3-RUN HOME RUN (Flyball, 9LD, EV 91.3 MPH), Distance : 338 ft
|
Batting: LHB David McNair
|
0-0: Called Strike 0-1: Ball 1-1: Called Strike 1-2: Foul Ball, location: 2F 1-2: Foul Ball, location: 2F 1-2: Strikes out swinging
|
Batting: LHB Miguel Medina
|
0-0: Ball 1-0: Ground out 6-3 (Groundball, 6, EV 88.1 MPH)
|
Top of the 4th over - 3 runs, 2 hits, 0 errors, 0 left on base; Tulsa 3 - Reading 0 |
BOTTOM OF THE 4TH |
Reading Fightin Phils batting - Pitching for Tulsa Drillers : RHP Jon Harris
|
Batting: LHB Danny Hill
|
0-0: Swinging Strike 0-1: Ball 1-1: TRIPLE (Flyball, 78XD, EV 97.5 MPH)
|
Batting: RHB Austin Wiebe
|
0-0: Ball 1-0: Ground out 1-3 (Groundball, 15S, EV 62.5 MPH)
|
Batting: LHB Chris Fandino
|
0-0: Foul Ball, location: 2F 0-1: Swinging Strike 0-2: Ball 1-2: Ball 2-2: Ground out 6-3 (Groundball, 6, EV 81.9 MPH) Danny Hill scores
|
Batting: RHB Mike Narciso
|
0-0: Ball 1-0: Ball 2-0: Ground out 4-3 (Groundball, 4MD, EV 91.3 MPH)
|
Bottom of the 4th over - 1 run, 1 hit, 0 errors, 0 left on base; Tulsa 3 - Reading 1 |
TOP OF THE 5TH |
Tulsa Drillers batting - Pitching for Reading Fightin Phils : RHP Joe Kimbrough
|
Batting: RHB Koen van Oort
|
0-0: Called Strike 0-1: Ball 1-1: Foul Ball, location: 2F 1-2: Foul Ball, location: 2F 1-2: Strikes out swinging
|
Batting: RHB Steve Haskins
|
0-0: Ball 1-0: Ground out 5-3 (Groundball, 56S, EV 75.0 MPH)
|
Batting: RHB Jesse White
|
0-0: Ground out U3 (Groundball, 3S, EV 91.9 MPH)
|
Top of the 5th over - 0 runs, 0 hits, 0 errors, 0 left on base; Tulsa 3 - Reading 1 |
BOTTOM OF THE 5TH |
Reading Fightin Phils batting - Pitching for Tulsa Drillers : RHP Jon Harris
|
Pitching: LHP Antonio Villarreal
|
|
Batting: LHB Darrell Ortega
|
0-0: Ball 1-0: Ground out 5-3 (Groundball, 5, EV 80.6 MPH)
|
Batting: RHB Kory Sanchez
|
0-0: Foul Ball, location: 2F 0-1: Swinging Strike 0-2: Foul Ball, location: 2F 0-2: Ball 1-2: Foul Ball, location: 2F 1-2: Strikes out swinging
|
Batting: RHB Fletcher Easter
|
0-0: Ball 1-0: Foul Ball, location: 2F 1-1: Ball 2-1: Fly out, F6 (Flyball, 56D, EV 89.4 MPH)
|
Bottom of the 5th over - 0 runs, 0 hits, 0 errors, 0 left on base; Tulsa 3 - Reading 1 |
TOP OF THE 6TH |
Tulsa Drillers batting - Pitching for Reading Fightin Phils : RHP Joe Kimbrough
|
Batting: LHB Nick McGraw
|
0-0: Ball 1-0: Called Strike 1-1: Fly out, F6 (Flyball, 56D, EV 78.8 MPH)
|
Batting: RHB Blake Beale
|
0-0: Ball 1-0: Called Strike 1-1: Foul Ball, location: 2F 1-2: Foul Ball, location: 2F 1-2: Ball 2-2: Ball 3-2: Strikes out looking
|
Pitching: RHP David Maxwell
|
|
Batting: RHB Dave Cordero
|
0-0: Called Strike 0-1: Foul Ball, location: 2F 0-2: Foul Ball, location: 2F 0-2: Ball 1-2: Ball 2-2: SINGLE (Flyball, 78S, EV 90.0 MPH) - OUT at second base trying to stretch hit.
|
Top of the 6th over - 0 runs, 1 hit, 0 errors, 0 left on base; Tulsa 3 - Reading 1 |
BOTTOM OF THE 6TH |
Reading Fightin Phils batting - Pitching for Tulsa Drillers : LHP Antonio Villarreal
|
Batting: LHB Jose Fierro
|
0-0: Ball 1-0: Foul Ball, location: 2F 1-1: Foul Ball, location: 2F 1-2: Ball 2-2: Strikes out swinging
|
Batting: RHB Matt Strong
|
0-0: Ball 1-0: Ground out 6-3 (Groundball, 6M, EV 104.4 MPH)
|
Batting: LHB Danny Hill
|
0-0: Called Strike 0-1: Ground out 4-3 (Groundball, 34D, EV 106.9 MPH)
|
Bottom of the 6th over - 0 runs, 0 hits, 0 errors, 0 left on base; Tulsa 3 - Reading 1 |
TOP OF THE 7TH |
Tulsa Drillers batting - Pitching for Reading Fightin Phils : RHP David Maxwell
|
Batting: SHB Xavier Alaniz
|
0-0: Ball 1-0: Swinging Strike 1-1: Foul Ball, location: 2F 1-2: Ball 2-2: Foul Ball, location: 2F 2-2: Ball 3-2: Base on Balls
|
Batting: LHB David McNair
|
0-0: Ball 1-0: Ball 2-0: Ball 3-0: Base on Balls Xavier Alaniz to second
|
Batting: LHB Miguel Medina
|
0-0: Sac Bunt to 56S - play at first, batter safe! Xavier Alaniz to third David McNair to second
|
Batting: RHB Koen van Oort
|
0-0: Ball 1-0: Ball 2-0: Called Strike 2-1: Foul Ball, location: 2F 2-2: Grounds into fielders choice 6-2 (Groundball, 56, EV 90.6 MPH) David McNair to third Miguel Medina to second
|
Batting: RHB Steve Haskins
|
0-0: Grounds into fielders choice 6-2 (Groundball, P, EV 85.0 MPH) Miguel Medina to third Koen van Oort to second
|
Batting: RHB Jesse White
|
0-0: Ball 1-0: Swinging Strike 1-1: Ball 2-1: Ball 3-1: Foul Ball, location: 2F 3-2: Base on Balls Miguel Medina scores Koen van Oort to third Steve Haskins to second
|
Batting: LHB Nick McGraw
|
0-0: Called Strike 0-1: Foul Ball, location: 2F 0-2: SINGLE (Groundball, 34D, EV 102.5 MPH) Koen van Oort scores Steve Haskins to third Jesse White to second Runner from 3rd tries for Home, SAFE, throw by RF to home
|
Pitching: RHP Mike Pickens
|
|
Batting: RHB Blake Beale
|
0-0: Ball 1-0: Fly out, F8 (Line Drive, 8LD, EV 86.3 MPH)
|
Top of the 7th over - 3 runs, 2 hits, 0 errors, 2 left on base; Tulsa 6 - Reading 1 |
BOTTOM OF THE 7TH |
Reading Fightin Phils batting - Pitching for Tulsa Drillers : LHP Antonio Villarreal
|
Batting: RHB Austin Wiebe
|
0-0: Swinging Strike 0-1: Ball 1-1: Ball 2-1: Foul Ball, location: 2F 2-2: Foul Ball, location: 2F 2-2: Ball 3-2: Ground out 6-3 (Groundball, P, EV 85.6 MPH)
|
Pitching: RHP Nate Allen
|
|
Batting: LHB Chris Fandino
|
0-0: Ball 1-0: Fly out, F8 (Line Drive, 8LD, EV 98.1 MPH)
|
Batting: RHB Mike Narciso
|
0-0: Ball 1-0: Foul Ball, location: 2F 1-1: Fly out, F8 (Line Drive, 8RM, EV 88.1 MPH)
|
Bottom of the 7th over - 0 runs, 0 hits, 0 errors, 0 left on base; Tulsa 6 - Reading 1 |
TOP OF THE 8TH |
Tulsa Drillers batting - Pitching for Reading Fightin Phils : RHP Mike Pickens
|
Batting: RHB Dave Cordero
|
0-0: Ball 1-0: Called Strike 1-1: Ball 2-1: Swinging Strike 2-2: Foul Ball, location: 2F 2-2: Strikes out swinging
|
Batting: SHB Xavier Alaniz
|
0-0: Called Strike 0-1: Ball 1-1: Swinging Strike 1-2: Ball 2-2: Strikes out looking
|
Batting: LHB David McNair
|
0-0: Called Strike 0-1: SOLO HOME RUN (Flyball, 9D, EV 99.4 MPH), Distance : 367 ft
|
Batting: LHB Miguel Medina
|
0-0: Called Strike 0-1: Ball 1-1: Ball 2-1: Foul Ball, location: 2F 2-2: SINGLE (Line Drive, 3D, EV 103.8 MPH)
|
Batting: RHB Koen van Oort
|
0-0: Ball 1-0: Called Strike 1-1: Fly out, F8 (Line Drive, 8LD, EV 96.3 MPH)
|
Top of the 8th over - 1 run, 2 hits, 0 errors, 1 left on base; Tulsa 7 - Reading 1 |
BOTTOM OF THE 8TH |
Reading Fightin Phils batting - Pitching for Tulsa Drillers : RHP Nate Allen
|
Batting: LHB Darrell Ortega
|
0-0: Called Strike 0-1: Ground out 4-3 (Groundball, 4, EV 105.0 MPH)
|
Batting: RHB Kory Sanchez
|
0-0: Ball 1-0: Ball 2-0: Ball 3-0: Called Strike 3-1: Swinging Strike 3-2: Foul Ball, location: 2F 3-2: Base on Balls
|
Batting: RHB Fletcher Easter
|
0-0: Called Strike 0-1: Ball 1-1: Fly out, F9 (Line Drive, 9S, EV 86.9 MPH)
|
Batting: LHB Jose Fierro
|
0-0: Called Strike 0-1: SINGLE (Line Drive, 78S, EV 105.0 MPH) Kory Sanchez to second
|
Batting: RHB Matt Strong
|
0-0: Called Strike 0-1: Ball 1-1: Foul Ball, location: 2F 1-2: Ball 2-2: Foul Ball, location: 2F 2-2: Foul Ball, location: 2F 2-2: Ball 3-2: Ground out 6-3 (Groundball, 56, EV 106.3 MPH)
|
Bottom of the 8th over - 0 runs, 1 hit, 0 errors, 2 left on base; Tulsa 7 - Reading 1 |
TOP OF THE 9TH |
Tulsa Drillers batting - Pitching for Reading Fightin Phils : RHP Mike Pickens
|
Batting: RHB Steve Haskins
|
0-0: Ground out 4-3 (Groundball, 4, EV 101.3 MPH)
|
Batting: RHB Jesse White
|
0-0: Ball 1-0: Ball 2-0: Ball 3-0: Called Strike 3-1: Ground out 6-3 (Groundball, 6, EV 84.4 MPH)
|
Batting: LHB Nick McGraw
|
0-0: Ball 1-0: Ball 2-0: Called Strike 2-1: Foul Ball, location: 2F 2-2: Fly out, F6 (Line Drive, 6, EV 63.1 MPH)
|
Top of the 9th over - 0 runs, 0 hits, 0 errors, 0 left on base; Tulsa 7 - Reading 1 |
BOTTOM OF THE 9TH |
Reading Fightin Phils batting - Pitching for Tulsa Drillers : RHP Nate Allen
|
Batting: LHB Danny Hill
|
0-0: Foul Ball, location: 2F 0-1: Swinging Strike 0-2: Foul Ball, location: 2F 0-2: Ball 1-2: Ball 2-2: Foul Ball, location: 2F 2-2: Foul Ball, location: 2F 2-2: Foul Ball, location: 2F 2-2: Fly out, F8 (Flyball, 8RM, EV 85.0 MPH)
|
Pitching: RHP Jason Englert
|
|
Batting: RHB Austin Wiebe
|
0-0: Ball 1-0: Foul Ball, location: 2F 1-1: Foul Ball, location: 2F 1-2: SINGLE (Groundball, 34D, EV 108.1 MPH)
|
Batting: LHB Chris Fandino
|
0-0: Foul Ball, location: 2F 0-1: Foul Ball, location: 2F 0-2: Ball 1-2: Foul Ball, location: 2F 1-2: Ball 2-2: Fielders Choice at 2nd, 5-4 (Groundball, 56, EV 85.6 MPH)
|
Batting: RHB Mike Narciso
|
0-0: Ball 1-0: Ground out U3 (Groundball, 3, EV 86.3 MPH)
|
Bottom of the 9th over - 0 runs, 1 hit, 0 errors, 1 left on base; Tulsa 7 - Reading 1 |
|